 Dungeon Crawl Stone Soup version 0.29.1-15-g9cfb28693d (webtiles) character file.

Game seed: 781261867201592131

9 H0rd4k the Charlatan (level 2, 0/21 HPs)
             Began as a Human Artificer on Apr 24, 2023.
             Slain by a bat (1 damage)
             ... on level 1 of the Dungeon.
             The game lasted 00:00:39 (338 turns).

H0rd4k the Charlatan (Human Artificer)               Turns: 338, Time: 00:00:40

Health: 0/21       AC:  3    Str: 12    XL:     2   Next: 20%
Magic:  2/2        EV: 11    Int: 11    God:
Gold:   0          SH:  0    Dex: 13    Spells: 1/1 levels left

rFire   . . .      SeeInvis .   a - +0 club
rCold   . . .      Faith    .   (no shield)
rNeg    . . .      Spirit   .   b - +0 leather armour
rPois   .          Reflect  .   (no helmet)
rElec   .          Harm     .   (no cloak)
rCorr   .          Rampage  .   (no gloves)
Will    .....                   (no boots)
Stlth   +.........              (no amulet)
HPRegen 0.07/turn               (no ring)
MPRegen 0.08/turn               (no ring)

@: no status effects
A: no striking features
a: no special abilities


You were on level 1 of the Dungeon.
You visited 1 branch of the dungeon, and saw 1 of its levels.

Inventory:

Hand Weapons
 a - a +0 club (weapon)
Armour
 b - a +0 leather armour (worn)
Wands
 c - a wand of flame (11) (quivered)
 d - a wand of charming (8)
 e - a wand of iceblast (5)
Potions
 f - a potion of mutation {unknown}


   Skills:
 + Level 1.0 Fighting
 - Level 2.0 Armour
 + Level 1.0 Dodging
 + Level 1.2 Stealth
 + Level 3.5 Evocations


You had one spell level left.
You didn't know any spells.
Your spell library was empty.

Dungeon Overview and Level Annotations

Branches:
Dungeon (1/15)

Altars:


Message History

g - Guard the area. f - Follow me.
Anything else - Cancel.
Guard this area!
The bat hits you but does no damage.
The kobold hits your hobgoblin with a +0 dagger.
Your hobgoblin dies!
The rat attacks as you move away! The rat barely misses you.
The bat barely misses you.
You are too injured to fight recklessly!
The rat attacks as you move away! The rat bites you.
* * * LOW HITPOINT WARNING * * *
The bat barely misses you.
The rat twitches its whiskers.
The bat barely misses you. The bat hits you.
* * * LOW HITPOINT WARNING * * *
Aiming: Charm
Press: ? - help, Shift-Dir - straight line, f - rat
Aim: a rat (chance to affect: 74%)
The rat struggles to resist.
The rat bites you but does no damage.
Unknown command.
What are your orders? t - Shout!
Orders for allies: a - Attack new target. p - Attack previous target. r - Retreat! s - Stop attacking. g - Guard the area. f - Follow me.
Anything else - Cancel.
Okay, then.
Aiming: Charm
Press: ? - help, Shift-Dir - straight line, f/p - rat
Aim: a rat (chance to affect: 74%)
The rat is charmed.
Something hits your rat.
The kobold hits your rat with a +0 dagger.
Unknown command.
Aiming: Throw Flame
Press: ? - help, Q - select action, (/) - cycle Shift-Dir - straight line, f - bat, p - rat
Aim: a bat (57% to hit)
The puff of flame hits the bat.
The bat is severely wounded.
The bat hits you.
You die...

..................
..................
#.................
#....#####........
).......##......#####
#.###...#...........###.
..# #...................
..# #..........b........
...##......#...#@.......
...............r........
...........#..K###......
........r..#.......###..
.....?..#K##..K....# .
...##..##.##.......#
...###..#.##.......#
...................#
..........##.......#


You could see a bat (ally target), a kobold and a friendly rat (charmed).

Vanquished Creatures
  A goblin (D:1)
  A hobgoblin (D:1)
  2 kobolds (D:1)
  A ball python (D:1)
  A bat (D:1)
6 creatures vanquished.

Vanquished Creatures (collateral kills)
  A kobold (D:1)
1 creature vanquished.

Vanquished Creatures (others)
  A goblin (D:1)
  A hobgoblin (D:1)
2 creatures vanquished.

Grand Total: 9 creatures vanquished

Notes
Turn   | Place    | Note
-------+----------+-------------------------------------------
     0 | D:1      | H0rd4k the Human Artificer began the quest for the Orb.
     0 | D:1      | Reached XP level 1. HP: 15/15 MP: 1/1
    39 | D:1      | Reached XP level 2. HP: 4/21 MP: 2/2
   334 | D:1      | HP: 1/21 [bat (1)]
   338 | D:1      | Slain by a bat

Illustrated notes

Levels and vault maps discovered:
D:1:      lemuel_arrival_cross, layout_basic

Action                   || total
-------------------------++-------
Melee: Club              ||    27
Evoke: Wand              ||    11
Armor: Leather armour    ||    13
Dodge: Dodged            ||    38
